 Dungeon Crawl Stone Soup version 0.30-a0-187-gd9c2deaf24 (webtiles) character file.

Game seed: 846354327084904459

8 blackman the Shooter (level 1, -1/14 HPs)
             Began as a Demigod Wanderer on Oct 3, 2022.
             Slain by a kobold
             ... wielding a +0 dagger
              (4 damage)
             ... on level 1 of the Dungeon.
             The game lasted 00:00:25 (81 turns).

blackman the Shooter (Demigod Wanderer)               Turns: 81, Time: 00:00:26

Health: -1/14      AC:  2    Str: 10    XL:     1   Next: 80%
Magic:  3/3        EV: 11    Int: 12    God:
Gold:   0          SH:  0    Dex: 18    Spells: 0/0 levels left

rFire   . . .      SeeInvis .    a - +2 sling
rCold   . . .      Faith    .    (no shield)
rNeg    . . .      Spirit   .    e - +0 robe
rPois   .          Reflect  .    (no helmet)
rElec   .          Harm     .    (no cloak)
rCorr   .          Rampage  .    (no gloves)
Will    .....                    (no boots)
Stlth   ++........               (no amulet)
HPRegen 0.22/turn                (no ring)
MPRegen 0.08/turn                (no ring)

@: no status effects
A: high MP 1, forlorn, divine attributes
a: no special abilities


You were on level 1 of the Dungeon.
You visited 1 branch of the dungeon, and saw 1 of its levels.

Inventory:

Hand Weapons
 a - a +2 sling (weapon)
 b - a +0 short sword
Armour
 e - a +0 robe (worn)
Wands
 c - a wand of polymorph (4) (quivered)
Scrolls
 f - a scroll of blinking {unknown}
 g - a scroll of fear {unknown}
 h - 3 scrolls of vulnerability {unknown}
Potions
 d - a potion of attraction


   Skills:
 - Level 1.0(1.3) Short Blades
 * Level 1.4(1.6) Long Blades
 - Level 3.6 Ranged Weapons
 - Level 1.0 Throwing
 - Level 1.0 Armour
 - Level 2.6 Evocations


You couldn't memorise any spells.
You didn't know any spells.
Your spell library was empty.

Dungeon Overview and Level Annotations

Branches:
Dungeon (1/15)


Innate Abilities, Weirdness & Mutations

You have an increased reservoir of magic. (+10% MP)
You shall have no god before yourself.
Your divine heritage dramatically boosts your attributes as you level up.


Message History

You shoot a sling bullet. The sling bullet hits the kobold.
You kill the kobold!
You shoot a sling bullet.
The sling bullet barely misses the kobold.
You shoot a sling bullet. The sling bullet hits the kobold.
The kobold is moderately wounded.
The kobold closely misses you. The kobold hits you with a +0 dagger.
You shoot a sling bullet.
The sling bullet closely misses the kobold.
The kobold hits you with a +0 dagger.
You shoot a sling bullet. The sling bullet hits the kobold.
The kobold is severely wounded.
The kobold hits you with a +0 dagger.
* * * LOW HITPOINT WARNING * * *
You are too injured to fight recklessly!
You are too injured to fight recklessly!
You are too injured to fight recklessly!
You are too injured to fight recklessly!
You are too injured to fight recklessly!
You are too injured to fight recklessly!
Fire: a) +2 sling
Press: ? - help, Shift-Dir - straight line, f/p - kobold
Aim: a kobold, wielding a +0 dagger (severely wounded, 55% to hit)
You shoot a sling bullet. The sling bullet misses the kobold.
The kobold misses you.
Fire: a) +2 sling
Press: ? - help, Shift-Dir - straight line, f/p - kobold
Aim: a kobold, wielding a +0 dagger (severely wounded, 55% to hit)
You shoot a sling bullet.
The sling bullet barely misses the kobold.
The kobold hits you but does no damage.
Fire: a) +2 sling
Press: ? - help, Shift-Dir - straight line, f/p - kobold
Aim: a kobold, wielding a +0 dagger (severely wounded, 55% to hit)
You shoot a sling bullet.
The sling bullet barely misses the kobold.
The kobold hits you with a +0 dagger.
* * * LOW HITPOINT WARNING * * *
The kobold hits you with a +0 dagger.
You die...

.......## #.......#
## ###.......# .#...
#†..?.....# .#...
###....)....# .....
............##....
........†.K.#..#
.........@....#
##>......#..#
#.........#..# #
#.............#
.#.##.#.##.........#
....................
..#.................
....................
.#...###....†......#


You could see a kobold.

Vanquished Creatures
  A dart slug (D:1)
  An endoplasm (D:1)
  A hobgoblin (D:1)
  A kobold (D:1)
  2 rats (D:1)
6 creatures vanquished.

Notes
Turn   | Place    | Note
-------+----------+-------------------------------------------
     0 | D:1      | blackman the Demigod Wanderer began the quest for the Orb.
     0 | D:1      | blackman set off with the following items: a +2 sling, a +0
                  | short sword, a wand of polymorph (4), a potion of
                  | attraction, a +0 robe.
     0 | D:1      | Reached XP level 1. HP: 14/14 MP: 3/3
    51 | D:1      | Reached skill level 1 in Long Blades
    81 | D:1      | Slain by a kobold

Illustrated notes

Levels and vault maps discovered:
D:1:      dpeg_arrival_fog, layout_rooms, nicolae_ecumenical_snake_handling,
          serial_shops, nicolae_shop_bloodbath_and_beyond, minmay_pentomino_o4

Skill      XL: |  1 |
---------------+----+-----
Long Blades    | 1 |  1.4
Short Blades   | |  1.0
Ranged Weapons | |  3.6
Throwing       | |  1.0
Armour         | |  1.0
Evocations     | |  2.6

Action                   || total
-------------------------++-------
 Fire: Sling             ||    24
Armor: Robe              ||     1
Dodge: Dodged            ||     4

Table legend: (Time is in decaauts)
 A = Elapsed time spent in this place.
 B = Non-inter-level travel time spent in this place.
 C = Inter-level travel time spent in this place.
 D = Time resting spent in this place.
 E = Time spent auto-exploring this place.
 F = Levels seen in this place.
 G = Mean time per level.
                   A        B        C        D        E       F      G
               +--------+--------+--------+--------+--------+-----+--------+
         Total |     85 |     85 |      0 |      0 |     49 |   1 |   85.0 |
       Dungeon |     85 |     85 |      0 |      0 |     49 |   1 |   85.0 |
               +--------+--------+--------+--------+--------+-----+--------+

Top non-repeatable levels by time:
     D:1: 85 daAuts
